 Dungeon Crawl Stone Soup version 0.25-a0-420-g1cc7eeb0d1 (webtiles) character file.

Game seed: 13908492249222151615, levelgen mode: deterministic

36 ShapeOfThought the Charmwright (level 3, 0/28 HPs)
             Began as a Human Skald on Jan 19, 2020.
             Slain by a bat (1 damage)
             ... on level 2 of the Dungeon.
             The game lasted 00:02:51 (1529 turns).

ShapeOfThought the Charmwright (Human Skald)        Turns: 1529, Time: 00:02:52

Health: 0/28       AC:  3    Str: 11    XL:     3   Next: 57%
Magic:  4/6        EV: 17    Int: 14    God:
Gold:   53         SH:  0    Dex: 17    Spells: 5/6 levels left

rFire    . . .     SeeInvis .   a - +0 spear
rCold    . . .     Gourm    .   (no shield)
rNeg     . . .     Faith    .   b - +0 leather armour
rPois    .         Spirit   .   (no helmet)
rElec    .         Reflect  .   (no cloak)
rCorr    .         Harm     .   (no gloves)
MR       .....                  (no boots)
Stlth    ++........             (no amulet)
HPRegen  0.09/turn              (no ring)
MPRegen  0.10/turn              (no ring)

@: agile, lethally poisoned (0 -> -2)
A: no striking features
a: no special abilities


You were on level 2 of the Dungeon.
You were near starving.

You visited 1 branch of the dungeon, and saw 2 of its levels.

You collected 53 gold pieces.

Inventory:

Hand Weapons
 a - a +0 spear (weapon)
Armour
 b - a +0 leather armour (worn)
Scrolls
 c - 2 scrolls of identify
 f - a scroll of remove curse {unknown}
Comestibles
 d - a ration


   Skills:
 + Level 2.3 Fighting
 + Level 2.3 Polearms
 - Level 1.0 Armour
 + Level 2.4 Dodging
 + Level 2.3 Spellcasting
 + Level 3.3 Charms


You had 5 spell levels left.
You knew the following spells:

 Your Spells              Type           Power        Failure   Level  Hunger
a - Infusion              Chrm           ##..         8%          1    #......

Your spell library contained the following spells:

 Spells                   Type           Power        Failure   Level  Hunger
 Song of Slaying          Chrm           ##......     12%         2    ###....
 Shroud of Golubria       Chrm/Tloc      #.....       24%         2    ###....
 Ozocubu's Armour         Chrm/Ice       #.......     43%         3    ###....
 Spectral Weapon          Hex/Chrm       #.......     43%         3    ###....


Dungeon Overview and Level Annotations

Branches:
Dungeon (2/15)

Altars:


Message History

As you read the scroll labeled LASTET CUAQ, it crumbles to dust.
You feel strangely unstable.
It was a scroll of teleportation.
The quokka barely misses you. The jackal bites you.
* * * LOW HITPOINT WARNING * * *
The quokka barely misses you. The worm barely misses you.
Unknown command.
Unknown command.
The jackal barely misses you. The jackal completely misses you.
The worm misses you.
Your surroundings suddenly seem different.
Splash!
You fall into the shallow water.
Moving in this stuff is going to be slow.
* * * LOW HITPOINT WARNING * * *
You feel sick.
An adder comes into view.
The adder hisses angrily.
A bat comes into view.
A jackal comes into view.
The bat barely misses you. The bat hits you.
You die...

.... ♣P≈
..( ≈≈≈≈
... ♣≈≈≈♣
.. ≈≈≈≈≈
#.
≈≈≈≈≈P#.##
.≈≈≈≈≈#..#
≈≈≈≈≈P≈#@#
.≈≈≈≈≈≈b.#
≈≈P≈≈≈≈♣.#
.♣P≈≈≈♣♣.#
.≈≈≈≈S ♣.#
.h≈≈≈ P.#
.≈P≈≈ ♣.#
.≈≈≈ ..#
≈.≈♣ ##


You could see an adder, a jackal (wandering) and a bat.

Vanquished Creatures
  An adder (D:2)
  A dart slug (D:1)
  3 bats (D:1)
  A giant cockroach (D:1)
  7 goblins (D:1)
  5 hobgoblins (D:1)
  2 kobolds (D:1)
  A rat (D:1)
21 creatures vanquished.

Notes
Turn   | Place    | Note
-------+----------+-------------------------------------------
     0 | D:1      | ShapeOfThought the Human Skald began the quest for the Orb.
     0 | D:1      | Reached XP level 1. HP: 16/16 MP: 3/3
   260 | D:1      | Reached XP level 2. HP: 22/22 MP: 5/5
  1019 | D:1      | Reached XP level 3. HP: 27/27 MP: 2/6
  1528 | D:2      | HP: 1/28 [poisoned by an adder]
  1529 | D:2      | Slain by a bat

Levels and vault maps discovered:
D:1:      grunt_arrival_crossed_arrows, layout_loops_corners, glass_columns_c
D:2:      cheibrodos_greedy_goblins, layout_basic, lemuel_doored_altar,
          serial_bayou_ford_a, grunt_ministairs_5, fedhas_altar_4

Action                   || total
-------------------------++-------
Melee: Spear             ||   106
 Cast: Infusion          ||     3
  Use: Scroll            ||     2
       Potion            ||     1
Armor: Leather armour    ||    14
Dodge: Dodged            ||    75

Table legend:
 A = Non-vault XP
 B = Vault XP
 C = Vault XP percentage of total XP
 D = Non-vault monster count
 E = Vault monster count
 F = Vault count percentage of total count
                 A         B        C        D         E       F
            +---------+---------+-------+---------+---------+-------
      Total |      52 |       0 |   0.0 |      21 |       0 |   0.0
            +---------+---------+-------+---------+---------+-------
        D:1 |      38 |       0 |   0.0 |      20 |       0 |   0.0
        D:2 |      14 |       0 |   0.0 |       1 |       0 |   0.0
            +---------+---------+-------+---------+---------+-------
